[Event "Titled Tuesday Blitz May 24 Early 2022"]
[White "Rodchenkov, Sergey D."]
[Black "Kvaloy, Aksel Bu"]
[WhiteFideId "4168712"]
[BlackFideId "1528815"]
[WhiteElo "2306"]
[BlackElo "2053"]
[Result "1-0"]
[Round "11"]
[TimeControl "180+1"]
[Date "2022.05.25"]
[WhiteClock "0:01:13"]
[BlackClock "0:00:02"]

1. e4 e5 2. Nf3 Nc6 3. Bc4 Nf6 4. d3 h6 5. O-O d6 6. c3 g5 7. d4 g4 8. Ne1 Bg7 9. f4 exd4 10. e5 dxe5 11. fxe5 Nxe5 12. Bb3 d3 13. Bf4 Ng6 14. Nxd3 Nxf4 15. Rxf4 O-O 16. Qf1 Qd6 17. Nd2 Nd5 18. Nc4 Qg6 19. Nde5 Qg5 20. Rxf7 Be6 21. Rxf8+ Rxf8 22. Qe2 b5 23. Nd3 Re8 24. Nce5 Nf4 25. Nxf4 Qxf4 26. Nd3 Qf7 27. Qc2 Bxb3 28. Qxb3 c6 29. Qxf7+ Kxf7 30. Rf1+ Ke6 31. Re1+ Kf7 32. Rxe8 Kxe8 33. Kf2 Ke7 34. Kg3 Ke6 35. Kxg4 Kd5 36. Kf3 Kc4 37. Ke2 c5 38. Kd2 Bf6 39. Nf4 b4 40. b3+ Kb5 41. c4+ Kc6 42. Nd5 Be5 43. g3 Kd6 44. Kd3 Ke6 45. Ke4 Bd4 46. Nc7+ Kd7 47. Nb5 a6 48. Nxd4 1-0


[Site "https://www.chess.com"]

[Event "Titled Tuesday Blitz May 24 Early 2022"]
[White "Rom, Jasper"]
[Black "Reprintsev, Alexander"]
[WhiteFideId "2023733"]
[BlackFideId "14100541"]
[WhiteElo "2233"]
[BlackElo "2108"]
[Result "0-1"]
[Round "11"]
[TimeControl "180+1"]
[Date "2022.05.25"]
[WhiteClock "0:00:09"]
[BlackClock "0:01:54"]

1. e4 d5 2. exd5 Qxd5 3. Nc3 Qa5 4. d4 Nf6 5. Nf3 Nc6 6. Bb5 Ne4 7. Qd3 Nxc3 8. bxc3 a6 9. Bxc6+ bxc6 10. O-O Bf5 11. Qd2 e6 12. Re1 Bd6 13. Ne5 Qa4 14. Nd3 O-O 15. Re2 Rab8 16. Qd1 Rb5 17. Nb2 Qa5 18. c4 Rb7 19. c5 Be7 20. Nc4 Qc3 21. Bb2 Qxc4 0-1


[Site "https://www.chess.com"]

[Event "Titled Tuesday Blitz May 24 Early 2022"]
[White "Roman, Rodrigo"]
[Black "Osiecki, Stanislaw"]
[WhiteFideId "3701220"]
[BlackFideId "1102990"]
[WhiteElo "2001"]
[BlackElo "2127"]
[Result "1-0"]
[Round "11"]
[TimeControl "180+1"]
[Date "2022.05.25"]
[WhiteClock "0:01:49"]
[BlackClock "0:01:36"]

1. Nf3 Nf6 2. d4 g6 3. c4 Bg7 4. Nc3 d6 5. e4 O-O 6. Bd3 Bg4 7. h3 Bxf3 8. Qxf3 Nc6 9. Be3 e5 10. d5 Nd4 11. Bxd4 exd4 12. Ne2 Nd7 13. Qg3 Ne5 14. O-O Qf6 15. f4 Nxd3 16. Qxd3 c5 17. Rab1 Rfe8 18. b4 Qe7 19. bxc5 dxc5 20. e5 b6 21. Ng3 Rab8 22. Ne4 Qd7 23. g4 a6 24. Qa3 h5 25. gxh5 gxh5 26. Rf3 Qf5 27. Qd3 b5 28. Nf6+ Bxf6 29. Qxf5 Bg7 30. Rg3 Kf8 31. e6 Rb7 32. cxb5 axb5 33. Rxb5 Ra7 34. d6 Rxe6 35. Rb8+ Re8 36. Rxe8+ Kxe8 37. Qc8# 1-0


[Site "https://www.chess.com"]

[Event "Titled Tuesday Blitz May 24 Early 2022"]
[White "Sadubayev, Airat"]
[Black "D`Arruda, Ricardo D."]
[WhiteFideId "13713264"]
[BlackFideId "100692"]
[WhiteElo "2234"]
[BlackElo "2503"]
[Result "1-0"]
[Round "11"]
[TimeControl "180+1"]
[Date "2022.05.25"]
[WhiteClock "0:00:48"]
[BlackClock "0:01:27"]

1. e4 c5 2. Nf3 Nc6 3. Bb5 e6 4. Bxc6 dxc6 5. O-O c4 6. b3 cxb3 7. axb3 Nf6 8. Nc3 Be7 9. Ba3 c5 10. e5 Nd5 11. Ne4 b6 12. d4 cxd4 13. Bxe7 Nxe7 14. Nd6+ Kf8 15. Nxd4 g6 16. Qf3 1-0


[Site "https://www.chess.com"]

[Event "Titled Tuesday Blitz May 24 Early 2022"]
[White "Sarkar, Justin"]
[Black "Estrada Nieto, Julian"]
[WhiteFideId "2010011"]
[BlackFideId "5101018"]
[WhiteElo "2020"]
[BlackElo "2252"]
[Result "1-0"]
[Round "11"]
[TimeControl "180+1"]
[Date "2022.05.25"]
[WhiteClock "0:00:06"]
[BlackClock "0:00:17"]

1. e4 e5 2. Nf3 Nc6 3. Bb5 a6 4. Ba4 Nf6 5. O-O Be7 6. d3 b5 7. Bb3 d6 8. c3 O-O 9. Nbd2 Na5 10. Bc2 c5 11. Re1 Re8 12. Nf1 h6 13. Ng3 Bf8 14. d4 Qc7 15. a4 Bd7 16. axb5 axb5 17. dxe5 dxe5 18. Nf5 Nc4 19. Rxa8 Rxa8 20. b3 Na3 21. Bd3 c4 22. bxc4 bxc4 23. Bf1 Nb5 24. Qc2 Bc5 25. h3 Ra1 26. Bxc4 Bxf2+ 27. Qxf2 Qxc4 28. Nxe5 Qxc3 29. Nxd7 Rxc1 30. Nxf6+ gxf6 31. Rxc1 Qxc1+ 32. Kh2 h5 33. Qg3+ Qg5 34. Qb8+ Kh7 35. Qxb5 Qf4+ 36. Ng3 h4 37. Qf5+ Qxf5 38. Nxf5 Kg6 39. Nxh4+ Kg5 40. g3 f5 41. Nxf5 f6 42. h4+ Kg4 43. Kg2 Kh5 44. Kf3 Kg6 45. g4 1-0


[Site "https://www.chess.com"]

[Event "Titled Tuesday Blitz May 24 Early 2022"]
[White "Schekachikhin, Maksim"]
[Black "Tanenbaum, Zachary"]
[WhiteFideId "24177830"]
[BlackFideId "2060850"]
[WhiteElo "2239"]
[BlackElo "2168"]
[Result "1-0"]
[Round "11"]
[TimeControl "180+1"]
[Date "2022.05.24"]
[WhiteClock "0:00:10"]
[BlackClock "0:00:03"]

1. b3 e5 2. Bb2 Nc6 3. c4 Nf6 4. e3 d5 5. cxd5 Nxd5 6. a3 Bd6 7. Qc2 O-O 8. Nf3 h6 9. Bc4 Nb6 10. Be2 f5 11. d3 e4 12. dxe4 fxe4 13. Nd4 Qg5 14. Qxe4 Nxd4 15. Bxd4 Bf5 16. Qxb7 Rae8 17. Nd2 Be6 18. Bxb6 axb6 19. O-O Bd5 20. Qxd5+ Qxd5 21. Bc4 Qxc4 22. Nxc4 Be7 23. a4 Bf6 24. Rad1 Re7 25. f3 Rb8 26. e4 b5 27. axb5 Rxb5 28. Rd3 c5 29. Rfd1 Bd4+ 30. Kf1 Ra7 31. Nd6 Rb4 32. Nf5 Be5 33. g3 Ra3 34. f4 Bb2 35. e5 Raxb3 36. Rxb3 Rxb3 37. Rd7 c4 38. e6 Rb8 39. e7 Ba3 40. Rd8+ Rxd8 41. exd8=Q+ Kh7 42. Qd5 Bf8 43. Qxc4 Kh8 44. Qf7 Kh7 45. Qxf8 Kg6 46. g4 h5 47. Qxg7# 1-0


[Site "https://www.chess.com"]

[Event "Titled Tuesday Blitz May 24 Early 2022"]
[White "Schut, Han"]
[Black "Li, Zhuoling"]
[WhiteFideId "1005561"]
[BlackFideId "8605629"]
[WhiteElo "2057"]
[BlackElo "2349"]
[Result "0-1"]
[Round "11"]
[TimeControl "180+1"]
[Date "2022.05.25"]
[WhiteClock "0:01:33"]
[BlackClock "0:01:19"]

1. e4 c5 2. Nf3 Nc6 3. d4 cxd4 4. Nxd4 e5 5. Nb5 d6 6. N1c3 a6 7. Na3 b5 8. Nd5 Nge7 9. c4 Nd4 10. Nc2 Nxd5 11. exd5 Nxc2+ 12. Qxc2 Bd7 13. Be3 Rc8 14. b3 g6 15. Qd2 Bg7 16. h4 h5 17. Be2 O-O 18. g4 bxc4 19. gxh5 c3 20. Qd1 c2 21. Qd2 e4 22. Rc1 Bc3 23. Rxc2 Bxd2+ 24. Kxd2 Rxc2+ 25. Kxc2 Qa5 26. Kb1 Rc8 27. hxg6 fxg6 28. h5 Bb5 29. Bxb5 Qxb5 30. hxg6 Qd3+ 31. Kb2 Rc2+ 32. Ka3 Qb5 0-1


[Site "https://www.chess.com"]

[Event "Titled Tuesday Blitz May 24 Early 2022"]
[White "Shimanov, Aleksandr"]
[Black "Dubov, Daniil"]
[WhiteFideId "4198603"]
[BlackFideId "24126055"]
[WhiteElo "2605"]
[BlackElo "2791"]
[Result "0-1"]
[Round "11"]
[TimeControl "180+1"]
[Date "2022.05.24"]
[WhiteClock "0:00:01"]
[BlackClock "0:01:26"]

1. b3 e5 2. Bb2 Nc6 3. e3 g6 4. Nf3 Bg7 5. d4 e4 6. Nfd2 f5 7. c4 Nf6 8. Nc3 O-O 9. d5 Ne5 10. Nb5 d6 11. Qc2 c6 12. dxc6 bxc6 13. Nd4 c5 14. Nb5 Nfg4 15. Nc3 f4 16. Ndxe4 fxe3 17. f3 Rxf3 18. O-O-O Rf2 19. Be2 Bf5 20. Rhe1 Rxg2 21. Nd5 Nf2 22. Bf3 Nfd3+ 0-1


[Site "https://www.chess.com"]

[Event "Titled Tuesday Blitz May 24 Early 2022"]
[White "Shtyka, Sergey"]
[Black "Pourkashiyan, Atousa"]
[WhiteFideId "4138465"]
[BlackFideId "12502014"]
[WhiteElo "2014"]
[BlackElo "2247"]
[Result "1-0"]
[Round "11"]
[TimeControl "180+1"]
[Date "2022.05.25"]
[WhiteClock "0:00:27"]
[BlackClock "0:00:34"]

1. e4 e5 2. Nf3 Nf6 3. Nc3 Nc6 4. Bb5 Bb4 5. O-O O-O 6. d3 d6 7. Bxc6 bxc6 8. Bg5 h6 9. Bh4 Bxc3 10. bxc3 Bg4 11. h3 Bh5 12. g4 Bg6 13. Rb1 Rb8 14. Rb3 Qe7 15. Qd2 Qe6 16. Bxf6 Qxf6 17. Kg2 d5 18. Qe3 dxe4 19. dxe4 Rfd8 20. Rfb1 Rxb3 21. axb3 c5 22. Ra1 Qc6 23. Ra4 f6 24. Nh4 Bh7 25. f3 Rd1 26. Rxa7 Qd6 27. Kg3 Rd2 28. Rxc7 Qxc7 29. Qxd2 Kh8 30. c4 Bg8 31. Nf5 Be6 32. Qd6 Qc8 33. Ne7 Qd7 34. Qxd7 Bxd7 35. Nd5 Kg8 36. Nb6 Bc6 37. Na4 Kf7 38. Nxc5 Ke7 39. Nd3 Kd6 40. Kf2 Bb7 41. Ke3 g6 42. h4 Bc8 43. b4 f5 44. gxf5 gxf5 45. exf5 Bxf5 46. c3 Bg6 47. Nf2 Bf7 48. Ne4+ Kc6 49. c5 Bg6 50. Nf2 Kd5 51. Ng4 h5 52. Nf6+ Kc4 53. c6 Kxc3 54. b5 Kc4 55. b6 Kc5 56. b7 Kxc6 57. b8=Q 1-0


[Site "https://www.chess.com"]

[Event "Titled Tuesday Blitz May 24 Early 2022"]
[White "Shuvalov, Evgenij"]
[Black "Jeet, Jain"]
[WhiteFideId "4187237"]
[BlackFideId "5073022"]
[WhiteElo "2053"]
[BlackElo "2028"]
[Result "0-1"]
[Round "11"]
[TimeControl "180+1"]
[Date "2022.05.25"]
[WhiteClock "0:00:07"]
[BlackClock "0:01:16"]

1. Nf3 b6 2. g3 Bb7 3. Bg2 g6 4. O-O Bg7 5. d4 d6 6. c4 e6 7. Nc3 Nf6 8. Qc2 Nbd7 9. e4 c5 10. Rd1 O-O 11. h3 Qe7 12. Be3 a6 13. Rac1 Rfd8 14. b3 Rac8 15. Qb1 h6 16. d5 e5 17. b4 Rb8 18. b5 axb5 19. cxb5 Nh5 20. Nd2 Rf8 21. Bf3 f5 22. exf5 Rxf5 23. Be4 Rff8 24. Bxg6 Nf4 25. Bf5 Rxf5 26. Qxf5 Rf8 27. Qe4 Nxh3+ 28. Kg2 Ng5 29. Bxg5 Qxg5 30. Nf3 Qe7 31. Nh4 Nf6 32. Qg6 Bc8 33. Ne4 Ng4 34. Rd2 Rd8 35. Nf5 Bxf5 36. Qxf5 Nf6 37. Nxf6+ Bxf6 38. Rh1 Bg5 39. Re2 Qg7 40. Qe6+ Kh7 41. Qf5+ Kh8 42. Re4 Rf8 43. Qg4 Qf6 44. Qe2 Kg7 45. Rg4 Qf7 46. Rd1 Kh8 47. Re4 Qf5 48. a4 Ra8 49. Rg4 Qf7 50. Qf3 Qg7 51. Qf5 Rf8 52. Qe6 Rf6 53. Qc8+ Rf8 54. Qc6 Qf6 55. Rf1 Qf3+ 56. Kh3 Qe2 57. Kg2 Qxg4 58. Qxd6 Qf3+ 59. Kg1 Qf6 60. Qd7 Be3 61. Qh3 Bxf2+ 62. Kg2 Qf3+ 63. Kh2 Bxg3+ 64. Qxg3 Qxf1 65. Qg6 Rf2+ 66. Kg3 Rg2+ 67. Kh4 Qh1# 0-1


[Site "https://www.chess.com"]

[Event "Titled Tuesday Blitz May 24 Early 2022"]
[White "Skliarov, Viktor"]
[Black "Xu, Yi"]
[WhiteFideId "14106736"]
[BlackFideId "8605564"]
[WhiteElo "2229"]
[BlackElo "2471"]
[Result "1-0"]
[Round "11"]
[TimeControl "180+1"]
[Date "2022.05.24"]
[WhiteClock "0:00:26"]
[BlackClock "0:01:25"]

1. e4 c6 2. d4 d5 3. e5 Bf5 4. Nf3 e6 5. Be2 Ne7 6. O-O Ng6 7. c4 Nd7 8. Nc3 f6 9. cxd5 exd5 10. Qb3 Qb6 11. Qxb6 axb6 12. exf6 Nxf6 13. Bg5 Bd6 14. Nh4 Nxh4 15. Bxh4 b5 16. a4 b4 17. Nd1 Ne4 18. Ne3 Bg6 19. f3 Nd2 20. Rfe1 Nb3 21. Nxd5 Nxa1 22. Bc4+ Kf8 23. Nb6 Nc2 24. Nd7# 1-0


[Site "https://www.chess.com"]

[Event "Titled Tuesday Blitz May 24 Early 2022"]
[White "Skuhala, Barbara"]
[Black "Jakubowska, Anna"]
[WhiteFideId "14605465"]
[BlackFideId "1121952"]
[WhiteElo "2155"]
[BlackElo "1878"]
[Result "1-0"]
[Round "11"]
[TimeControl "180+1"]
[Date "2022.05.25"]
[WhiteClock "0:00:54"]
[BlackClock "0:00:07"]

1. e4 Nf6 2. Nc3 d5 3. exd5 Nxd5 4. Nf3 Nxc3 5. bxc3 g6 6. d4 Bg7 7. Bd3 O-O 8. O-O c5 9. Be3 Nc6 10. Re1 Bg4 11. Be2 cxd4 12. Nxd4 Bxe2 13. Rxe2 Qa5 14. Nxc6 bxc6 15. Bd4 e5 16. Be3 Qxc3 17. Rb1 Rfd8 18. Qf1 a5 19. Rb3 Qc4 20. Re1 Qxf1+ 21. Kxf1 Rdb8 22. Reb1 Rxb3 23. Rxb3 e4 24. Ke2 Be5 25. Rb6 Rc8 26. Bd2 Kg7 27. Bxa5 Ra8 28. Bd2 Rxa2 29. Rxc6 f5 30. g3 h6 31. h4 h5 32. Bg5 Kf7 33. Rc5 Ke6 34. Rc6+ Kd5 35. Rc8 Bd6 36. Be3 Ra1 37. c4+ Ke6 38. c5 Be5 39. c6 Ra2+ 40. Kf1 Rc2 41. Rg8 Kf7 42. Rc8 Ke6 43. Kg2 Kf7 44. Bb6 f4 45. gxf4 Bxf4 46. c7 e3 47. Kf3 Rxf2+ 48. Ke4 Bxc7 49. Rxc7+ Kf6 50. Bxe3 Rh2 51. Bg5+ Ke6 52. Rc6+ Kf7 53. Kf4 Ra2 54. Rc7+ Kg8 55. Ke5 Ra5+ 56. Ke6 Ra6+ 57. Ke7 Kg7 58. Rd7 Rb6 59. Rd6 Rb7+ 60. Ke6 Rb4 61. Rd7+ Kg8 62. Ke7 Re4+ 63. Kf6 Rb4 64. Kxg6 Rb6+ 65. Bf6 Rb8 66. Kxh5 Rb5+ 67. Kg6 Rb8 68. h5 1-0


[Site "https://www.chess.com"]

[Event "Titled Tuesday Blitz May 24 Early 2022"]
[White "Steenbekkers, Franck"]
[Black "Stanisz, Patryk"]
[WhiteFideId "1004220"]
[BlackFideId "1123106"]
[WhiteElo "2044"]
[BlackElo "1833"]
[Result "0-1"]
[Round "11"]
[TimeControl "180+1"]
[Date "2022.05.25"]
[WhiteClock "0:01:33"]
[BlackClock "0:00:36"]

1. e4 c5 2. Nf3 Nc6 3. Bb5 g6 4. O-O Bg7 5. c3 Nf6 6. Re1 O-O 7. d4 d5 8. e5 Ne4 9. Bxc6 bxc6 10. Be3 cxd4 11. cxd4 f6 12. Nc3 Nxc3 13. bxc3 Bg4 14. Bf4 Qa5 15. Re3 c5 16. h3 Bf5 17. e6 c4 18. g4 Be4 19. Ne1 g5 20. Bg3 h6 21. f3 Bg6 22. h4 f5 23. Be5 fxg4 24. fxg4 Be4 25. Bxg7 Kxg7 26. hxg5 hxg5 27. Qd2 Rh8 28. Rxe4 dxe4 29. d5 Qc5+ 30. Kg2 Kg6 31. Nc2 Rh4 32. Ne3 Rah8 33. Qd4 Rh2+ 34. Kg3 R8h3# 0-1


[Site "https://www.chess.com"]

[Event "Titled Tuesday Blitz May 24 Early 2022"]
[White "Stevens, Christian"]
[Black "Korchmar, Vasiliy"]
[WhiteFideId "2604450"]
[BlackFideId "24131750"]
[WhiteElo "2517"]
[BlackElo "2370"]
[Result "1-0"]
[Round "11"]
[TimeControl "180+1"]
[Date "2022.05.24"]
[WhiteClock "0:00:06"]
[BlackClock "0:00:02"]

1. Nf3 d5 2. e3 Bg4 3. c4 c6 4. Qb3 Bxf3 5. Qxb7 Bg4 6. Qxa8 Qc7 7. cxd5 Bd7 8. Nc3 Nf6 9. dxc6 Bxc6 10. Bb5 Bxb5 11. Nxb5 Qb6 12. Nxa7 Nd7 13. a4 e6 14. Nb5 Be7 15. Qa7 Qc6 16. O-O O-O 17. Qc7 Qd5 18. d4 Na6 19. Qg3 h5 20. Bd2 h4 21. Qf3 Qg5 22. Rfc1 Nf6 23. Rc6 Nb4 24. Bxb4 Bxb4 25. a5 Qxb5 26. Rb6 Qc4 27. a6 Ba5 28. Qc6 Qe2 29. Qb5 Qg4 30. h3 Qg6 31. Qxa5 Ne4 32. Qe5 Ng5 33. Kh1 Qc2 34. Rb8 Qxf2 35. Rxf8+ Kh7 36. Qxg5 1-0


[Site "https://www.chess.com"]

[Event "Titled Tuesday Blitz May 24 Early 2022"]
[White "Svane, Rasmus"]
[Black "Seo, Jung Min"]
[WhiteFideId "4657101"]
[BlackFideId "1734687"]
[WhiteElo "2674"]
[BlackElo "2401"]
[Result "0-1"]
[Round "11"]
[TimeControl "180+1"]
[Date "2022.05.24"]
[WhiteClock "0:00:15"]
[BlackClock "0:00:58"]

1. Nf3 Nf6 2. g3 g6 3. Bg2 Bg7 4. O-O O-O 5. d4 d6 6. c4 c5 7. Nc3 Nc6 8. dxc5 dxc5 9. Be3 Be6 10. Qa4 Qa5 11. Qb5 Qb4 12. Nd2 Nd7 13. a3 Qxb5 14. cxb5 Nd4 15. Bxb7 Rab8 16. Ba6 Nc2 17. Rac1 Nxe3 18. fxe3 Bh6 19. Nd1 Rfd8 20. Nc4 Nf6 21. Ne5 Ng4 22. Nxg4 Bxg4 23. Re1 Rd2 24. Kf2 Rb6 25. Nc3 Rf6+ 26. Kg2 Bxe3 27. Ne4 Bf3+ 28. Kh3 Bxe4 29. Rc4 Bd5 30. Rc3 Bd4 31. Rd3 Rxb2 32. e3 Be6+ 33. g4 Rf3+ 34. Kh4 Bf6+ 35. g5 Rxh2# 0-1


[Site "https://www.chess.com"]

[Event "Titled Tuesday Blitz May 24 Early 2022"]
[White "Taboas Rodriguez, Daniel"]
[Black "Fromm, Marius"]
[WhiteFideId "2208466"]
[BlackFideId "12993190"]
[WhiteElo "2429"]
[BlackElo "2544"]
[Result "1-0"]
[Round "11"]
[TimeControl "180+1"]
[Date "2022.05.25"]
[WhiteClock "0:01:05"]
[BlackClock "0:00:04"]

1. d4 Nf6 2. Nf3 d6 3. c4 g6 4. Nc3 Bg7 5. e4 O-O 6. Be2 e5 7. dxe5 dxe5 8. Qxd8 Rxd8 9. Bg5 c6 10. Nxe5 Re8 11. O-O-O Nxe4 12. Nxe4 Bxe5 13. Nd6 Bxd6 14. Rxd6 Bf5 15. Be3 Nd7 16. Rhd1 Ne5 17. h3 h5 18. b3 a5 19. Kb2 Re6 20. Rd8+ Re8 21. Bb6 a4 22. bxa4 Nd7 23. Rxa8 Rxa8 24. a5 Be6 25. Bf3 Kf8 26. Kc3 Ke7 27. Bc7 Ke8 28. a4 Nc5 29. Bb6 Nxa4+ 30. Kb4 Nb2 31. Rd4 Ke7 32. Be2 c5+ 33. Bxc5+ Kf6 34. Rd2 1-0


[Site "https://www.chess.com"]

[Event "Titled Tuesday Blitz May 24 Early 2022"]
[White "Tarigan, Gilbert Elroy"]
[Black "Ianov, Viktor"]
[WhiteFideId "7108133"]
[BlackFideId "14102730"]
[WhiteElo "1908"]
[BlackElo "2152"]
[Result "1-0"]
[Round "11"]
[TimeControl "180+1"]
[Date "2022.05.24"]
[WhiteClock "0:00:10"]
[BlackClock "0:00:57"]

1. c3 d6 2. d4 g6 3. Nf3 Bg7 4. Bg5 Nf6 5. e3 O-O 6. Nbd2 c5 7. Be2 Be6 8. O-O Qb6 9. Rb1 Bxa2 10. Nc4 Bxc4 11. Bxc4 Nc6 12. Qe2 Rad8 13. h3 d5 14. Bd3 a6 15. Bf4 Nd7 16. Bh2 e5 17. dxe5 Ndxe5 18. Bc2 Rfe8 19. Nxe5 Bxe5 20. Qf3 Bxh2+ 21. Kxh2 d4 22. exd4 cxd4 23. Rfd1 Qc7+ 24. Kg1 b5 25. Bb3 dxc3 26. bxc3 Na5 27. Bd5 Nc4 28. h4 Kg7 29. h5 Re7 30. Rd4 Ne5 31. h6+ Kxh6 32. Qf6 Qd7 33. Rh4# 1-0


[Site "https://www.chess.com"]

[Event "Titled Tuesday Blitz May 24 Early 2022"]
[White "Tasev, Dejan"]
[Black "Martin Carmona, Gaston Manuel"]
[WhiteFideId "936618"]
[BlackFideId "22284567"]
[WhiteElo "2253"]
[BlackElo "2162"]
[Result "0-1"]
[Round "11"]
[TimeControl "180+1"]
[Date "2022.05.25"]
[WhiteClock "0:00:02"]
[BlackClock "0:00:11"]

1. e4 c5 2. Nf3 d6 3. Nc3 Nf6 4. d4 cxd4 5. Nxd4 g6 6. Bc4 Bg7 7. Bb3 Nc6 8. f3 O-O 9. Be3 Bd7 10. Qd2 Rc8 11. h4 h5 12. g4 hxg4 13. h5 Nxh5 14. O-O-O Ne5 15. fxg4 Bxg4 16. Rdg1 e6 17. Rxg4 Nxg4 18. Nxe6 Qa5 19. Nxg7 Kxg7 20. Bd4+ Kg8 21. Qg2 Qg5+ 22. Kb1 Rxc3 23. bxc3 Re8 24. Rg1 Nhf6 25. Bxf6 Qxf6 26. Qxg4 Kg7 27. Kb2 a5 28. Qg2 Rc8 29. Rf1 Qxc3+ 30. Kb1 Rc7 31. Qf2 b5 32. Rd1 a4 33. Bd5 a3 34. Qd4+ Qxd4 35. Rxd4 Kf6 36. Rb4 Rc5 37. Rb3 Ke5 38. Rxa3 f5 39. Ra7 fxe4 40. Bf7 g5 41. Kc1 d5 42. Kd2 Kf4 43. Be6 Ke5 44. Bd7 b4 45. Ra6 Rc7 46. Bg4 Rh7 47. Re6+ Kd4 48. Rg6 Rh2+ 49. Kc1 Kc3 50. Bd1 Rg2 51. Rc6+ Kd4 52. Rb6 Kc5 53. Rb8 e3 54. Re8 Kd4 55. Kb2 g4 56. Kb3 g3 57. Rd8 Rd2 58. Bf3 Ke5 59. Re8+ Kf4 60. Bh1 e2 61. Kxb4 Rd4+ 62. Kc3 Re4 63. Rxe4+ dxe4 64. Kd2 g2 65. Bxg2 Kg3 66. Bxe4 Kf2 0-1


[Site "https://www.chess.com"]

[Event "Titled Tuesday Blitz May 24 Early 2022"]
[White "Timofeev, Artyom"]
[Black "Djokic, Mihailo"]
[WhiteFideId "4140419"]
[BlackFideId "976440"]
[WhiteElo "2594"]
[BlackElo "2202"]
[Result "1-0"]
[Round "11"]
[TimeControl "180+1"]
[Date "2022.05.24"]
[WhiteClock "0:00:28"]
[BlackClock "0:00:01"]

1. e4 c5 2. Nf3 d6 3. Bc4 Nf6 4. d3 Nc6 5. O-O a6 6. h3 b5 7. Bb3 e6 8. c3 Be7 9. Re1 O-O 10. Nbd2 Bb7 11. Nf1 Rc8 12. Ng3 Re8 13. Be3 d5 14. e5 Nd7 15. d4 f6 16. exf6 Bxf6 17. Nh5 cxd4 18. cxd4 Be7 19. Bf4 Nf8 20. Bg3 Bd6 21. Nf4 Qf6 22. Nh5 Qd8 23. Qd2 Bxg3 24. Nxg3 Na5 25. Re2 Nc4 26. Qd3 Ng6 27. Nh5 Nh4 28. Rae1 Nxf3+ 29. Qxf3 Qg5 30. Nf4 e5 31. dxe5 Kh8 32. e6 Bc6 33. Qg4 Qf6 34. e7 Rc7 35. Bc2 g6 36. Re6 Qf7 37. Nxg6+ hxg6 38. Bxg6 Qg7 39. Qh5+ Kg8 40. Bxe8 Bxe8 41. Qxe8+ Kh7 42. Qh5+ Kg8 43. e8=Q+ 1-0


[Site "https://www.chess.com"]

[Event "Titled Tuesday Blitz May 24 Early 2022"]
[White "Tologon tegin, Semetei"]
[Black "Mekhitarian, Krikor Sevag"]
[WhiteFideId "13800574"]
[BlackFideId "2107660"]
[WhiteElo "2258"]
[BlackElo "2598"]
[Result "1-0"]
[Round "11"]
[TimeControl "180+1"]
[Date "2022.05.24"]
[WhiteClock "0:00:35"]
[BlackClock "0:00:02"]

1. e4 e5 2. Nc3 Nf6 3. g3 Nc6 4. Bg2 Bc5 5. Nge2 d6 6. h3 Be6 7. d3 a6 8. O-O Qd7 9. Kh2 h5 10. Nd5 O-O-O 11. Bg5 Bxd5 12. exd5 Ne7 13. d4 Bb6 14. c4 h4 15. g4 exd4 16. Nxd4 Ng6 17. b4 Rde8 18. Rc1 Ne4 19. Be3 Ba7 20. Qc2 Nf6 21. c5 dxc5 22. bxc5 Nxd5 23. c6 Qd6+ 24. Kh1 Kb8 25. cxb7 Bxd4 26. Bxd4 Ngf4 27. Bc5 Qg6 28. Qa4 Nxg2 29. Kxg2 Qe4+ 30. Qxe4 Rxe4 31. Rb1 Rc4 32. Rfc1 Rxc1 33. Rxc1 Kxb7 34. Bd4 f6 35. Rc5 Nf4+ 36. Kh2 Ne6 37. Rc4 Rd8 38. Be3 Rd5 39. Rb4+ Rb5 40. Re4 Ng5 41. Re7 g6 42. Rg7 Nf3+ 43. Kg2 Ne5 44. Rh7 g5 45. Rh6 Nd7 46. Rh7 Rd5 47. f4 gxf4 48. Bxf4 Ne5 49. Rh6 Rd6 50. Bxe5 fxe5 51. Rxd6 cxd6 52. g5 Kc6 53. g6 1-0


[Site "https://www.chess.com"]

[Event "Titled Tuesday Blitz May 24 Early 2022"]
[White "Tomaszewski, Kacper"]
[Black "Volkov, Maksim"]
[WhiteFideId "1127373"]
[BlackFideId "54123070"]
[WhiteElo "2153"]
[BlackElo "2155"]
[Result "0-1"]
[Round "11"]
[TimeControl "180+1"]
[Date "2022.05.25"]
[WhiteClock "0:00:12"]
[BlackClock "0:01:15"]

1. e4 c5 2. Nf3 d6 3. Bb5+ Bd7 4. c4 Nc6 5. O-O e5 6. Nc3 a6 7. Ba4 g6 8. d3 Bg7 9. Nd5 h6 10. Rb1 Nge7 11. b4 Nxd5 12. Bxc6 Nc3 13. Bxd7+ Qxd7 14. Qb3 Nxb1 15. Qxb1 O-O 16. Be3 b6 17. Nd2 f5 18. f3 g5 19. a4 f4 20. Bf2 g4 21. b5 axb5 22. axb5 gxf3 23. Nxf3 Bf6 24. Bh4 Kh7 25. Bxf6 Rxf6 26. Nh4 Qg4 27. Qe1 Ra2 28. h3 Qe2 29. Qxe2 Rxe2 30. Nf5 Rd2 31. Rf3 Rg6 32. Nh4 Rg3 33. Rf1 Rdxd3 34. Ra1 Ra3 35. Rd1 Rgd3 36. Rf1 Ra4 37. Kh2 Rxc4 38. Ra1 Rxe4 39. Ra7+ Kg8 40. Nf5 f3 41. Nxh6+ Kf8 42. Rf7+ Ke8 43. gxf3 Re2+ 44. Kg3 e4 0-1


[Site "https://www.chess.com"]

[Event "Titled Tuesday Blitz May 24 Early 2022"]
[White "Toncheva, Nadya"]
[Black "Sargsyan, Anna M."]
[WhiteFideId "2924056"]
[BlackFideId "13308130"]
[WhiteElo "1888"]
[BlackElo "2271"]
[Result "0-1"]
[Round "11"]
[TimeControl "180+1"]
[Date "2022.05.25"]
[WhiteClock "0:00:11"]
[BlackClock "0:00:07"]

1. d4 d5 2. c4 c6 3. Nc3 Nf6 4. e3 e6 5. Nf3 Nbd7 6. Bd3 dxc4 7. Bxc4 Bd6 8. O-O O-O 9. Qe2 e5 10. dxe5 Nxe5 11. Nxe5 Bxe5 12. Rd1 Qe7 13. Bd2 Bxh2+ 14. Kxh2 Ng4+ 15. Kg1 Qh4 16. Qf3 Ne5 17. Qe4 Qxe4 18. Nxe4 Nxc4 19. Bc3 Bf5 20. Nd6 Nxd6 21. Rxd6 Be6 22. a3 h6 23. Rad1 c5 24. e4 g5 25. f3 b5 26. Kf2 Kh7 27. Rc6 Rfc8 28. Rdd6 Kg8 29. Ke3 Rab8 30. Ra6 b4 31. axb4 cxb4 32. Bd4 Rc2 33. g3 Bc4 34. f4 g4 35. Bxa7 Re8 36. Rab6 Re2+ 37. Kd4 R2xe4+ 38. Kc5 Be6 39. Rb8 Rxb8 40. Bxb8 b3 41. Rd8+ Kh7 42. Be5 Re3 43. Rh8+ Kg6 44. Rg8+ Kf5 45. Rh8 Rxg3 46. Rxh6 Rh3 47. Kd4 Rxh6 0-1


[Site "https://www.chess.com"]

[Event "Titled Tuesday Blitz May 24 Early 2022"]
[White "Vainio, Ville"]
[Black "Odegov, Artem"]
[WhiteFideId "507270"]
[BlackFideId "34183644"]
[WhiteElo "2222"]
[BlackElo "2286"]
[Result "1/2-1/2"]
[Round "11"]
[TimeControl "180+1"]
[Date "2022.05.25"]
[WhiteClock "0:00:22"]
[BlackClock "0:00:48"]

1. e4 Nf6 2. e5 Nd5 3. d4 d6 4. Nf3 g6 5. Bc4 Nb6 6. Bb3 Bg7 7. a4 a5 8. Bf4 O-O 9. O-O Nc6 10. exd6 exd6 11. h3 Bf5 12. c3 Qd7 13. Re1 Rae8 14. Nbd2 Rxe1+ 15. Qxe1 Re8 16. Qc1 Be6 17. Bxe6 Qxe6 18. Nf1 Nd5 19. Bh6 Nf6 20. Bxg7 Kxg7 21. Qc2 Qe2 22. Rc1 Qxc2 23. Rxc2 Ne7 24. Re2 Ned5 25. Rxe8 Nxe8 26. Ne3 Nxe3 27. fxe3 h6 28. Kf2 f5 29. Nd2 Nf6 30. Kf3 Kf7 31. e4 fxe4+ 32. Nxe4 Nxe4 33. Kxe4 Ke6 34. d5+ Kf6 35. Kf4 g5+ 36. Ke4 h5 37. g4 hxg4 38. hxg4 c6 39. c4 c5 40. b3 b6 41. Kf3 Ke5 42. Ke3 Kf6 43. Ke4 Kg6 44. Kf3 Kf7 45. Ke4 Kf6 46. Kf3 Kg6 47. Ke4 Kf6 1/2-1/2


[Site "https://www.chess.com"]